 Dungeon Crawl Stone Soup version 0.17.1-3-g152610e (webtiles) character file.

399202 Gargoyl the Hoplite (level 22, 0/201 HPs)
             Began as a Demonspawn Abyssal Knight on Mar 8, 2016.
             Was the Champion of Lugonu.
             Slain by a frost giant
             ... wielding a +0 battleaxe of freezing
              (13 damage)
             ... on level 5 of the Vaults.
             The game lasted 03:32:04 (79165 turns).

Gargoyl the Hoplite (Demonspawn Abyssal Knight)    Turns: 79165, Time: 03:32:04

Health: 0/201      AC: 41    Str: 24    XL:     22   Next: 24%
Magic:  27/27      EV:  9    Int: 15    God:    Lugonu [******]
Gold:   3964       SH: 20    Dex: 20    Spells: 0 memorised, 21 levels left

rFire  + . .     SeeInvis +     y - +8 trident of the Octopus King {venom, rElec rPois MR+}
rCold  + + .     Clarity  +     B - +3 crystal plate armour of Lethargy {Str+5}
rNeg   + + .     SustAt   .     f - +2 shield of Resistance {rF+ rC+ MR+}
rPois  +         Gourm    .     (helmet restricted)
rElec  +         Spirit   .     k - +2 cloak
rCorr  .         Warding  .     J - +2 pair of gloves {Dex+3}
rMut   .         Stasis   .     (boots unavailable)
MR     ++++.                    o - amulet of clarity
Stlth  ..........               g - ring of protection from magic
                                G - ring of positive energy

@: studying Fighting, drained, incredibly resistant to hostile enchantments,
extremely unstealthy
A: hooves 3, horns 1, iridescent scales 3, see invisible, agile 1, cold
resistance 1, foul stench 1, negative energy resistance 1, robust 1, spit poison
1, 50% torment resistance, evolution 1, rot immunity, freezing cloud immunity
a: Spit Poison, Depart the Abyss, Bend Space, Banish, Corrupt, Enter the Abyss,
Brand Weapon With Distortion, Renounce Religion
}: 2/15 runes: barnacled, gossamer


You were on level 5 of the Vaults.
You worshipped Lugonu.
Lugonu was exalted by your worship.
You were not hungry.

You visited 7 branches of the dungeon, and saw 41 of its levels.
You visited the Abyss 1 time.
You also visited: Ice Cave.

You collected 5520 gold pieces.
You spent 1556 gold pieces at shops.

Inventory:

Hand Weapons
 x - a +5 broad axe of freezing
 y - the +8 trident of the Octopus King (weapon) {venom, rElec rPois MR+}
   (You found it on level 6 of the Dungeon)

   It poisons the flesh of those it strikes.
   It insulates you from electricity.
   It protects you from poison.
   It affects your resistance to hostile enchantments.
Missiles
 w - 14 javelins of penetration (quivered)
 W - 4 javelins of returning
Armour
 f - the +2 shield of Resistance (worn) {rF+ rC+ MR+}
   (You found it on level 3 of the Spider Nest)

   It protects you from fire.
   It protects you from cold.
   It affects your resistance to hostile enchantments.
 k - a +2 cloak (worn)
 B - the +3 crystal plate armour of Lethargy (worn) {Str+5}
   (You acquired it on level 9 of the Dungeon)

   It affects your strength (+5).
 J - a +2 pair of gloves of dexterity (worn)
 R - the +0 helmet "Fuuj Yto" {Dex+4}
   (You found it on level 3 of the Elven Halls)

   It affects your dexterity (+4).
Jewellery
 g - a ring of protection from magic (right hand)
 m - an uncursed amulet of regeneration
 o - an amulet of clarity (around neck)
 u - an uncursed ring of sustain attributes
 A - an uncursed ring of protection from fire
 F - the brooch of Shielding {Ward rN+ AC+4 EV+4}
   (You took it off a deep elf death mage on level 3 of the Elven Halls)

   [amulet of warding]

   It may prevent the melee attacks of summoned creatures.
   It affects your AC (+4).
   It affects your evasion (+4).
   It protects you from negative energy.
 G - a ring of positive energy (left hand)
 X - a cursed ring of teleportation
Wands
 d - a wand of frost (42)
 v - a wand of teleportation (3)
 E - a wand of confusion (15)
 I - a wand of disintegration (7)
Scrolls
 b - 2 scrolls of magic mapping
 h - 5 scrolls of blinking
 j - 17 scrolls of remove curse
 r - 4 scrolls of identify
 z - 3 scrolls of fear
 C - 3 scrolls of recharging
 L - a scroll of summoning
 P - 3 scrolls of silence
 Z - 3 scrolls of fog
Potions
 c - 3 potions of brilliance
 i - a potion of resistance
 p - a potion of berserk rage
 q - a potion of flight
 s - a potion of cancellation
 t - 2 potions of might
 H - 6 potions of agility
 O - 8 potions of haste
 Q - 2 potions of invisibility
 T - 2 potions of magic
Books
 K - a manual of Fighting
 N - a manual of Fighting
 U - a book of Summonings

   Spells                             Type                      Level
   a - Recall                         Summoning/Translocation      3
   b - Aura of Abjuration             Summoning                    5
   c - Shadow Creatures               Summoning                    5
   d - Summon Demon                   Summoning                    5
   e - Summon Forest                  Summoning/Translocation      5
   f - Summon Mana Viper              Hexes/Summoning              5
Miscellaneous
 a - a phial of floods
 l - a phial of floods
 M - a legendary deck of defence
 Y - a phial of floods
Comestibles
 n - 9 meat rations


   Skills:
 + Level 17.8(17.4) Fighting
 + Level 5.8(12.8) Axes
   Level 1.3(3.6) Maces & Flails
 + Level 17.8(17.7) Polearms
 + Level 1.3(1.0) Throwing
 + Level 14.2(13.8) Armour
 + Level 6.3(6.0) Dodging
 + Level 2.0(1.7) Stealth
 + Level 22.4(21.9) Shields
 + Level 7.4(7.1) Invocations
 + Level 0.8(0.5) Evocations


You had 21 spell levels left.
You didn't know any spells.

Dungeon Overview and Level Annotations

Branches:
Dungeon (13/15)            Temple (0/1) D:7            Lair (8/8) D:11
 Shoals (4/4) Lair:3       Spider (4/4) Lair:6        Slime (0/6) Lair:8
    Orc (4/4) D:9             Elf (3/3) Orc:4        Vaults (5/5) D:13
  Crypt (0/3) Vaults:3

Altars:
Ashenzari
Dithmenos
Fedhas
Gozag
Makhleb
Okawaru
Qazlal
Ru
Sif Muna
Trog
Vehumet
Zin
The Shining One
Beogh

Shops:
D:5 *   D:11 *   Orc:4 [:*[}   Elf:3 %[}   Shoals:3 !(%}   Shoals:4 *
Vaults:1 *

Portals:
Trove: Elf:1 (give +5 demon whip)

Annotations:
Abyss:1 Saint Roka


Innate Abilities, Weirdness & Mutations

You have hooves in place of feet.
You are completely covered in iridescent scales (AC +8).
Your flesh is cold resistant.
You may emit foul miasma when damaged in melee.
You resist negative energy.
You are somewhat able to resist unholy torments (1 in 2 success).
You are immune to rotting.
You are immune to freezing clouds.
You have a pair of small horns on your head.
You have supernaturally acute eyesight.
You are agile. (Dex +2)
You are robust (+10% HP).
You can spit weak poison.
You evolve.


Message History

You hear a shout! x3
The vault sentinel gestures at you while chanting.
You resist with almost no effort.
The vault sentinel zaps a wand.
You resist with almost no effort.
The deep elf demonologist shouts!
The vault sentinel shoots a silver bolt.
The silver bolt barely misses you.
You hit the frost giant.
The frost giant is poisoned.
You kick the frost giant, but do no damage.
You headbutt the frost giant, but do no damage.
The frost giant is lightly wounded.
The frost giant casts a spell at you. The bolt of cold hits you! You resist.
* * * LOW HITPOINT WARNING * * *
The vault sentinel blows a loud note on a signal horn!
You hear a shout! x2
The deep elf demonologist casts a spell at you.
You resist with almost no effort.
The frost giant hits you with a battleaxe of freezing!
You die...

.............#....#
.###.###.###.#....# .. .#
#.# #.###.#....# ..
.###.###.##..#....##'.
....................#
############........#####
.............).<<........
...p..........<..<(e.....
..W............C@.......
........................
############........####
..........[p...........#
..........)..#....#....#
###########)p#....#.....
...%....#....# ....
........#....# #...
###########..#....#


You could see a frost giant, a deep elf demonologist and 2 vault sentinels.

Vanquished Creatures
  Norris (Spider:2)
  The ghost of Sanvar the Bludgeoner, a veteran HuFi of Zin (Shoals:4)
  A bone dragon (Vaults:3)
  An Ice Fiend (IceCv)
  4 tentacled monstrosities
  A lich (Vaults:4)
  3 deep elf blademasters (Elf:2)
  2 deep elf master archers (Elf:3)
  3 titans (Vaults:5)
  2 sphinxes
  A kraken (Shoals:3)
  2 shadow dragons (Vaults:5)
  Frances (Spider:2)
  Kirke (D:13)
  A storm dragon (Vaults:5)
  Roxanne (Elf:1)
  A shadow dragon (shapeshifter) (Elf:3)
  Ilsuiw (Shoals:3)
  2 fire giants (Vaults:5)
  2 tengu reavers (Vaults:5)
  3 frost giants
  An iron dragon (Vaults:5)
  Aizul (Elf:2)
  5 deep elf sorcerers (Elf:3)
  13 vault wardens
  The ghost of abraxo the Cleaver, a journeyman DsWn of Gozag (Spider:1)
  2 ghost moths (Spider:4)
  5 emperor scorpions
  A ghoul (Vaults:3)
  10 ironheart preservers
  8 stone giants
  3 war gargoyles (Vaults:5)
  Nessos (D:13)
  9 deep elf demonologists (Elf:3)
  9 deep elf annihilators
  5 ettins
  6 deep elf death magi
  3 merfolk javelineers
  12 merfolk impalers
  Josephine (Orc:3)
  33 vault guards
  Erolcha (Orc:3)
  2 entropy weavers (Spider:4)
  A great orb of eyes (Vaults:4)
  3 deep elf high priests
  13 yaktaur captains
  9 hydras
  A catoblepas (D:13)
  A rakshasa (Vaults:2)
  2 satyrs
  7 merfolk avatars
  2 alligator snapping turtles
  4 merfolk aquamancers
  6 ogre magi
  A centaur warrior (Vaults:3)
  15 dancing weapons
  A deep troll earth mage (D:13)
  4 death yaks
  3 orc high priests (Orc:4)
  Urug (Lair:1)
  A small abomination (Elf:2)
  Nergalle (Orc:1)
  A shadow wraith (Vaults:5)
  18 deep elf knights
  A large abomination (Elf:2)
  10 skeletal warriors
  A fire crab (Vaults:4)
  6 ice devils
  2 deep trolls (shapeshifter)
  19 sea snakes
  The ghost of riffraff the Basher, a novice GrFi of Okawaru (D:8)
  2 giant orange brains
  A phantasmal warrior (Vaults:2)
  9 deep trolls
  14 deep elf summoners
  10 deep elf conjurers
  A wolf spider (shapeshifter) (Vaults:3)
  15 orc knights
  16 harpies
  10 hornets
  A hill giant (shapeshifter) (Vaults:2)
  5 hill giants
  11 griffons
  2 necromancers
  15 ugly things
  4 orc sorcerers
  18 ironbrand convokers
  4 wizards
  9 cyclopes
  9 fauns
  22 orb spiders
  4 water nymphs
  13 vault sentinels
  9 manticores
  A griffon (shapeshifter) (Vaults:2)
  3 moths of wrath (Spider:4)
  12 sirens
  9 elephants
  31 wolf spiders
  Maurice (Orc:1)
  14 spiny frogs
  A stone giant skeleton (Vaults:4)
  2 guardian serpents (shapeshifter) (Vaults:3)
  An octopode (shapeshifter) (Vaults:2)
  A smoke demon (D:13)
  An ice statue (IceCv)
  2 fire drakes
  2 torpor snails
  4 kobold demonologists
  A storm dragon simulacrum (Vaults:2)
  A yaktaur (shapeshifter) (Elf:2)
  9 komodo dragons
  2 yaktaur zombies (Vaults:4)
  11 black mambas
  7 demonic crawlers
  34 yaktaurs
  2 anaconda simulacra (IceCv)
  2 efreet (D:13)
  9 trolls
  19 deep elf priests
  A spriggan druid (Lair:8)
  11 two-headed ogres
  3 polar bears (Lair:8)
  4 freezing wraiths
  32 merfolk
  2 blue devils (IceCv)
  A golden dragon simulacrum (IceCv)
  A wind drake (shapeshifter) (Elf:1)
  A merfolk (shapeshifter) (Vaults:1)
  25 jumping spiders
  2 wind drakes
  18 slime creatures
  A snapping turtle (shapeshifter) (Vaults:5)
  8 boulder beetles
  23 blink frogs
  A raiju (shapeshifter) (Vaults:1)
  13 snapping turtles
  21 trapdoor spiders
  29 tarantellas
  55 redbacks
  A hungry ghost (D:8)
  7 wraiths
  6 dire elephant simulacra (IceCv)
  54 yaks
  A yaktaur simulacrum (Vaults:2)
  8 water elementals
  15 spriggans
  3 wyverns
  3 basilisks
  51 deep elf fighters
  A tarantella (shapeshifter) (D:13)
  Eustachio (D:6)
  2 spriggans (shapeshifter)
  29 deep elf magi
  A death yak simulacrum (IceCv)
  Grum (Lair:1)
  A golden eye (shapeshifter) (Vaults:1)
  12 hippogriffs
  15 humans (D:13)
  16 vampire mosquitoes
  3 mottled dragons
  33 wolves
  A harpy simulacrum (IceCv)
  2 mottled dragons (shapeshifter) (Vaults:2)
  8 wargs
  11 water moccasins
  A porcupine (shapeshifter) (Vaults:5)
  8 porcupines
  Duvessa (D:7)
  6 hydra simulacra (IceCv)
  7 sky beasts
  7 ice beasts
  20 spiders
  32 ogres
  13 black bears
  50 orc warriors
  A boggart (Vaults:2)
  13 centaurs
  3 ettin simulacra (IceCv)
  6 necrophages
  8 wasps
  A centaur (shapeshifter) (Elf:3)
  21 giant frogs
  4 brain worms (Spider:4)
  19 crocodiles
  A gnoll sergeant (D:6)
  A wyvern zombie (D:12)
  A wyvern skeleton (D:11)
  Dowan (D:7)
  6 big kobolds
  6 scorpions
  3 electric eels
  5 jellies
  A lava snake (Lair:5)
  10 wights
  22 killer bees
  An elephant simulacrum (IceCv)
  18 crimson imps
  3 draconian simulacra (IceCv)
  2 giant frog zombies
  3 centaur zombies
  34 orc priests
  3 centaur skeletons
  4 hounds
  10 worker ants
  Jessica (D:3)
  A spriggan simulacrum (IceCv)
  3 giant frog skeletons
  7 iguanas
  35 orc wizards
  A polar bear simulacrum (IceCv)
  34 sheep
  5 centaur simulacra (IceCv)
  A hound skeleton (D:9)
  A hound zombie (D:9)
  31 river rats
  11 gnolls
  5 naga simulacra (IceCv)
  An ogre simulacrum (IceCv)
  9 adders
  3 shadow imps
  21 white imps
  4 ufetubi (IceCv)
  An ooze (D:4)
  2 adder zombies
  3 worms
  239 orcs
  15 bats
  27 goblins
  34 hobgoblins
  17 kobolds
  7 quokkas
  4 ball pythons
  6 giant cockroaches
  6 giant geckos
  3 giant gecko skeletons
  7 giant newts
  15 jackals
  21 rats
  A bush (D:8)
  A fungus (Lair:2)
  4 plants
  2 tentacles (Shoals:3)
  A tentacle segment (Shoals:3)
2172 creatures vanquished.

Vanquished Creatures (others)
  An octopode crusher (Shoals:1)
  2 fire giants
  A war gargoyle (Vaults:3)
  A slime creature (Vaults:1)
  2 deep elf high priests
  2 hydras
  2 deep elf knights (Elf:2)
  An ironbrand convoker (Vaults:3)
  A phantasmal warrior (Vaults:5)
  An orc knight (Vaults:1)
  A deep elf conjurer (Elf:1)
  A griffon (Shoals:2)
  A redback (Spider:2)
  A tarantella (Spider:3)
  3 humans (D:13)
  A trapdoor spider (Spider:4)
  3 deep elf fighters
  A deep elf mage (Vaults:4)
  An orc warrior (Vaults:1)
  A sky beast (D:6)
  2 jellies
  An orc priest (D:13)
  An orc wizard (D:13)
  An adder (D:6)
  2 white imps
  18 fungi
  18 plants
  5 tentacles (Shoals:3)
  1090 tentacle segments (Shoals:3)
1166 creatures vanquished.

Grand Total: 3338 creatures vanquished

Notes
Turn   | Place    | Note
--------------------------------------------------------------
     0 | Abyss:1  | Gargoyl the Demonspawn Abyssal Knight began the quest for the Orb.
     0 | Abyss:1  | Reached XP level 1. HP: 18/18 MP: 2/2
    41 | Abyss:1  | Noticed a guardian serpent
    52 | D:1      | Escaped the Abyss
    62 | D:1      | Reached * piety under Lugonu
    72 | D:1      | Reached skill level 1 in Dodging
   425 | D:1      | Gained mutation: Your flesh is cold resistant. [demonic ancestry]
   425 | D:1      | Reached XP level 2. HP: 22/24 MP: 4/4
  1451 | D:2      | Gained mutation: You are partially covered in iridescent scales (AC +4). [demonic ancestry]
  1451 | D:2      | Reached XP level 3. HP: 29/29 MP: 5/5
  1911 | D:2      | Found a shadowy altar of Dithmenos.
  2505 | D:3      | Found a bloodstained altar of Trog.
  2532 | D:3      | Reached ** piety under Lugonu
  2638 | D:3      | Found a deep blue altar of Sif Muna.
  2723 | D:3      | Noticed Jessica
  2733 | D:3      | Killed Jessica
  2733 | D:3      | Gained mutation: You have large cloven feet. [demonic ancestry]
  2733 | D:3      | Reached XP level 4. HP: 35/35 MP: 6/6
  3183 | D:3      | Gained mutation: You are mostly covered in iridescent scales (AC +6). [demonic ancestry]
  3183 | D:3      | Reached XP level 5. HP: 21/42 MP: 7/7
  3350 | D:3      | Noticed a big kobold
  3350 | D:3      | Noticed a big kobold
  3351 | D:3      | Noticed a big kobold
  3368 | D:3      | Reached *** piety under Lugonu
  3369 | D:3      | Killed a big kobold
  3436 | D:2      | Killed a big kobold
  3436 | D:2      | Reached skill level 4 in Fighting
  3436 | D:2      | Reached XP level 6. HP: 8/48 MP: 8/8
  3861 | D:3      | Killed a big kobold
  4238 | D:3      | Reached **** piety under Lugonu
  4744 | D:4      | Gained mutation: You have hoof-like feet. [demonic ancestry]
  4744 | D:4      | Reached XP level 7. HP: 33/55 MP: 9/9
  4896 | D:4      | Found a shattered altar of Ashenzari.
  5101 | D:4      | Found a stormy altar of Qazlal.
  5101 | D:4      | Found a radiant altar of Vehumet.
  5305 | D:4      | Found a burning altar of Makhleb.
  5629 | D:5      | Entered Level 5 of the Dungeon
  6003 | D:5      | Found a glowing golden altar of the Shining One.
  6278 | D:5      | Found a glowing silver altar of Zin.
  6278 | D:5      | Found Zin's Purification Station.
  6494 | D:5      | Reached skill level 1 in Stealth
  6494 | D:5      | Reached skill level 1 in Shields
  6758 | D:5      | Found an opulent altar of Gozag.
  6983 | D:5      | Reached skill level 5 in Dodging
  6983 | D:5      | Reached XP level 8. HP: 61/61 MP: 10/10
  8041 | D:7      | Noticed a two-headed ogre
  8529 | D:6      | Reached skill level 6 in Dodging
  8745 | D:6      | Noticed Eustachio
  8792 | D:6      | Killed Eustachio
  8792 | D:6      | Reached skill level 5 in Fighting
  9056 | D:6      | Gained mutation: You are completely covered in iridescent scales (AC +8). [demonic ancestry]
  9056 | D:6      | Reached XP level 9. HP: 43/68 MP: 12/12
  9369 | D:6      | Reached skill level 5 in Axes
  9381 | D:6      | Gained mutation: You are agile. (Dex +2) [mutagenic meat]
  9669 | D:7      | Found a staircase to the Ecumenical Temple.
  9669 | D:7      | Noticed a troll
  9693 | D:6      | Killed a troll
  9693 | D:6      | Reached skill level 1 in Polearms
  9816 | D:6      | Reached skill level 5 in Armour
  9834 | D:6      | Killed a two-headed ogre
  9834 | D:6      | Reached skill level 5 in Shields
 10352 | D:7      | Noticed Duvessa
 10358 | D:7      | Noticed Dowan
 10367 | D:7      | Killed Duvessa
 10374 | D:7      | Killed Dowan
 10611 | D:7      | Reached XP level 10. HP: 72/76 MP: 13/13
 10714 | D:7      | Found a sacrificial altar of Ru.
 10919 | D:8      | Reached ***** piety under Lugonu
 11326 | D:8      | Found a blossoming altar of Fedhas.
 11380 | D:8      | Reached skill level 1 in Throwing
 11522 | D:8      | Noticed riffraff's ghost (novice GrFi)
 11572 | D:8      | Killed riffraff's ghost
 11729 | D:8      | Reached skill level 7 in Shields
 11929 | D:9      | Reached skill level 5 in Polearms
 11986 | D:9      | Identified 3 scrolls of acquirement
 11991 | D:9      | Got a crude crystal plate armour
 11992 | D:9      | Identified the +3 crystal plate armour of Lethargy {Str+5} (You acquired it on level 9 of the Dungeon)
 12180 | D:9      | Noticed a purple ugly thing
 12192 | D:9      | Killed a purple ugly thing
 12205 | D:9      | Lost mutation: You are agile. (Dex +2) [mutagenic meat]
 12411 | D:9      | Reached XP level 11. HP: 84/84 MP: 14/14
 12466 | D:9      | Noticed a cyclops
 12472 | D:9      | Killed a cyclops
 12472 | D:9      | Reached skill level 8 in Shields
 12630 | D:9      | Found a staircase to the Orcish Mines.
 12928 | Orc:1    | Entered Level 1 of the Orcish Mines
 13257 | Orc:1    | Noticed Maurice
 13301 | Orc:1    | Killed Maurice
 14040 | Orc:1    | Found a roughly hewn altar of Beogh.
 14216 | Orc:1    | Reached skill level 9 in Shields
 14741 | Orc:2    | Reached ****** piety under Lugonu
 14832 | Orc:2    | Noticed Nergalle
 15172 | Orc:2    | Noticed a spectral orc warlord
 15209 | Orc:1    | Killed Nergalle
 15737 | Orc:4    | Entered Level 4 of the Orcish Mines
 15737 | Orc:4    | Found a staircase to the Elven Halls.
 15861 | Orc:4    | Found Ivvya's Antique Armour Shop.
 16089 | Orc:3    | Noticed Josephine
 16130 | Orc:4    | Reached skill level 10 in Shields
 16333 | Orc:3    | Killed Josephine
 17310 | Orc:3    | Noticed Erolcha
 17549 | Orc:3    | Killed Erolcha
 17549 | Orc:3    | Gained mutation: You are immune to freezing clouds. [demonic ancestry]
 17549 | Orc:3    | Reached XP level 12. HP: 66/92 MP: 15/15
 17761 | Orc:4    | Found a roughly hewn altar of Beogh.
 17894 | Orc:4    | Noticed Saint Roka
 17929 | Orc:4    | HP: 4/92 [orc knight/battleaxe of chopping (1)]
 18781 | Orc:4    | Banished Saint Roka
 18781 | Orc:4    | Reached skill level 11 in Shields
 19433 | Orc:4    | Noticed an orc high priest
 19439 | Orc:4    | Killed an orc high priest
 19897 | Orc:4    | Noticed an orc high priest
 19912 | Orc:4    | Killed an orc high priest
 20370 | Orc:4    | Noticed an orc high priest
 20385 | Orc:4    | Killed an orc high priest
 20400 | Orc:4    | Found Gayhung's Gadget Shoppe.
 20400 | Orc:4    | Found Raugynk's Book Shop.
 20402 | Orc:4    | Found Fuut's Armour Shoppe.
 20402 | Orc:4    | Found Celaix's General Store.
 20408 | Orc:4    | Bought a wand of teleportation (6) for 450 gold pieces
 20415 | Orc:4    | Bought an uncursed amulet of clarity for 280 gold pieces
 20611 | D:10     | Entered Level 10 of the Dungeon
 20848 | D:10     | Gained mutation: You have hooves in place of feet. [demonic ancestry]
 20848 | D:10     | Reached XP level 13. HP: 69/101 MP: 16/16
 21103 | D:10     | Gained mutation: You tend to lose your temper in combat. [mutagenic meat]
 21104 | D:10     | Gained mutation: Your flesh is heat resistant. [mutagenic meat]
 21105 | D:10     | Gained mutation: You are robust (+10% HP). [mutagenic meat]
 21107 | D:10     | Gained mutation: You can spit weak poison. [mutagenic meat]
 21109 | D:10     | Lost mutation: You can spit weak poison. [potion of cure mutation]
 21109 | D:10     | Lost mutation: You tend to lose your temper in combat. [potion of cure mutation]
 21109 | D:10     | Lost mutation: Your flesh is heat resistant. [potion of cure mutation]
 21175 | D:10     | Gained mutation: Your flesh is very cold resistant. [potion of beneficial mutation]
 21737 | D:11     | Reached skill level 12 in Shields
 21950 | D:11     | Found Xoigy Jogeu's General Store.
 21965 | D:11     | Bought a potion of heal wounds for 75 gold pieces
 22003 | D:11     | Found a staircase to the Lair.
 22257 | Lair:1   | Entered Level 1 of the Lair of Beasts
 22257 | Lair:1   | Noticed Grum
 22273 | Lair:1   | Killed Grum
 22288 | Lair:1   | Noticed Urug
 22307 | Lair:1   | Killed Urug
 24208 | Lair:2   | Reached skill level 1 in Maces & Flails
 24772 | Lair:3   | Reached skill level 13 in Shields
 25208 | Lair:3   | Found a staircase to the Shoals.
 25816 | Lair:4   | HP: 5/112 [poisoned by a spiny frog]
 26711 | Lair:4   | Reached XP level 14. HP: 97/119 MP: 17/17
 27393 | Lair:5   | Reached skill level 10 in Fighting
 27992 | Lair:6   | Reached skill level 10 in Polearms
 28002 | Lair:6   | Found an iron altar of Okawaru.
 28197 | Lair:6   | Reached skill level 14 in Shields
 28261 | Lair:6   | Found a hole to the Spider Nest.
 30797 | Lair:8   | Entered Level 8 of the Lair of Beasts
 31461 | Lair:8   | Reached skill level 15 in Shields
 31479 | Lair:8   | Reached XP level 15. HP: 105/128 MP: 18/18
 32096 | Lair:8   | Reached skill level 5 in Invocations
 32262 | Lair:8   | Found a staircase to the Slime Pits.
 32397 | Lair:8   | Got a crude lead amulet
 32799 | Lair:8   | Identified the amulet of Makhleb's Pride {Stasis MR+} (You found it on level 8 of the Lair of Beasts)
 33164 | Spider:1 | Entered Level 1 of the Spider Nest
 33178 | Spider:1 | Noticed abraxo's ghost (journeyman DsWn)
 33432 | Spider:1 | Killed abraxo's ghost
 34237 | Spider:1 | Reached skill level 10 in Armour
 34434 | Spider:1 | Reached skill level 16 in Shields
 34722 | Spider:2 | Noticed Frances
 34801 | Spider:2 | Killed Frances
 34875 | Spider:2 | Found a frozen archway.
 34890 | IceCv    | Entered an ice cave
 36188 | IceCv    | Noticed an Ice Fiend
 37915 | IceCv    | Killed an Ice Fiend
 38161 | IceCv    | Identified Jobukhi's Reference Book on Necromancy
 38436 | Spider:2 | Gained mutation: You are immune to rotting. [demonic ancestry]
 38436 | Spider:2 | Reached XP level 16. HP: 125/137 MP: 20/20
 38831 | Spider:2 | Got a pair of ichor-stained gloves
 38832 | Spider:2 | Identified the +2 pair of gloves "Jyfot" {*Drain rElec rN++ MR+} (You found it on level 2 of the Spider Nest)
 39055 | Spider:3 | Noticed Norris
 39683 | Spider:2 | Killed Norris
 40663 | Spider:3 | Reached skill level 17 in Shields
 40931 | Spider:4 | Entered Level 4 of the Spider Nest
 44902 | Spider:4 | Got a gossamer rune of Zot
 45479 | D:12     | Reached XP level 17. HP: 146/146 MP: 21/21
 45566 | D:12     | Gained mutation: You are dopey. (Int -2) [mutagenic meat]
 45569 | D:12     | Gained mutation: You have a pair of small horns on your head. [mutagenic meat]
 45571 | D:12     | Gained mutation: You have supernaturally acute eyesight. [mutagenic meat]
 45688 | D:12     | Got a steaming war axe
 45689 | D:12     | Identified the cursed +0 war axe "Puuffir" {freeze, rPois Str+4 Int+3} (You found it on level 12 of the Dungeon)
 46042 | D:12     | Gained mutation: Your spells are a little harder to cast, but a little more powerful. [mutagenic meat]
 46043 | D:12     | Lost mutation: You have a pair of small horns on your head. [mutagenic meat]
 46126 | D:13     | Noticed Kirke
 46139 | D:13     | Killed Kirke
 46354 | D:13     | Gained mutation: You are agile. (Dex +2) [mutagenic meat]
 46357 | D:13     | Gained mutation: You evolve. [mutagenic meat]
 46628 | D:13     | Noticed Nessos
 46673 | D:13     | Killed Nessos
 47153 | D:13     | Found a gate to the Vaults.
 47216 | D:13     | Reached skill level 18 in Shields
 47553 | Vaults:1 | Entered Level 1 of the Vaults
 48421 | Vaults:1 | Found Gotapraje's Assorted Antiques.
 48472 | Vaults:1 | Bought a scroll of teleportation for 72 gold pieces
 50539 | D:13     | Gained mutation: You are covered in fur (AC +1). [evolution]
 50539 | D:13     | Lost mutation: You evolve. [end of evolution]
 50881 | Elf:1    | Entered Level 1 of the Elven Halls
 51412 | Elf:1    | Reached XP level 18. HP: 121/156 MP: 22/22
 51554 | Elf:1    | Found a portal to a secret trove of treasure.
 51766 | Elf:1    | Noticed Roxanne
 52209 | Elf:1    | Killed Roxanne
 53079 | Elf:2    | Found a runed gate.
 53079 | Elf:2    | Found a runed gate.
 53079 | Elf:2    | Found a runed gate.
 53577 | Elf:2    | Reached skill level 19 in Shields
 53765 | Elf:2    | Noticed Aizul
 53824 | Elf:2    | Killed Aizul
 55723 | Elf:3    | Entered Level 3 of the Elven Halls
 55742 | Elf:3    | Found Juetiu's Antique Armour Shop.
 55783 | Elf:3    | Bought an embroidered cloak for 135 gold pieces
 55817 | Elf:3    | Found Vuemuit's Food Boutique.
 56399 | Elf:3    | Found Riesh's Gadget Shoppe.
 58656 | Elf:3    | Gained mutation: You may emit foul miasma when damaged in melee. [demonic ancestry]
 58656 | Elf:3    | Reached XP level 19. HP: 159/165 MP: 23/23
 59285 | Elf:3    | Reached skill level 15 in Polearms
 60464 | Elf:3    | Got a heavily runed helmet
 60470 | Elf:3    | Identified the +0 helmet "Fuuj Yto" {Dex+4} (You found it on level 3 of the Elven Halls)
 60483 | Elf:3    | Got a steaming helmet
 60494 | Elf:3    | Identified the +1 helmet "Puesoxt" {MP+9 Int+4} (You found it on level 3 of the Elven Halls)
 60509 | Elf:3    | Identified Lehudib's Papyrus of Excruciating Earth
 60950 | Shoals:1 | Entered Level 1 of the Shoals
 61498 | Shoals:1 | HP: 4/166 [octopode crusher/iron shot (42)]
 62250 | Shoals:1 | Reached skill level 20 in Shields
 63132 | Shoals:2 | Gained mutation: You evolve. [potion of mutation]
 63132 | Shoals:2 | Gained mutation: You have a pair of small horns on your head. [potion of mutation]
 63132 | Shoals:2 | Lost mutation: Your spells are a little harder to cast, but a little more powerful. [potion of mutation]
 63718 | Shoals:3 | Found Ferevvedgh's Distillery.
 63887 | Shoals:3 | Found Duffop's Weapon Boutique.
 64083 | Shoals:3 | Found Uxzoekk's Food Boutique.
 64099 | Shoals:3 | Found Myupt's Gadget Boutique.
 64725 | Shoals:4 | Entered Level 4 of the Shoals
 64730 | Shoals:4 | Noticed Ilsuiw
 65122 | Shoals:3 | Lost mutation: You are dopey. (Int -2) [evolution]
 65649 | Shoals:3 | Killed Ilsuiw
 66061 | Shoals:4 | Got a brightly glowing battleaxe
 66062 | Shoals:4 | Identified the +7 battleaxe of Etiggoig {chop, Str+3} (You found it on level 4 of the Shoals)
 66079 | Shoals:4 | Noticed Sanvar's ghost (veteran HuFi)
 66206 | Shoals:4 | Killed Sanvar's ghost
 66545 | Shoals:4 | Gained mutation: You resist negative energy. [demonic ancestry]
 66545 | Shoals:4 | Reached XP level 20. HP: 61/177 MP: 25/25
 66551 | Shoals:4 | Got a barnacled rune of Zot
 67144 | Shoals:4 | Reached skill level 15 in Fighting
 67772 | Shoals:4 | Found Xoucy's General Store.
 67780 | Shoals:4 | Bought a scroll of teleportation for 60 gold pieces
 67780 | Shoals:4 | Bought a +3 broad axe of freezing for 484 gold pieces
 67791 | Shoals:4 | Lost mutation: You have a pair of small horns on your head. [potion of cure mutation]
 67791 | Shoals:4 | Lost mutation: Your flesh is very cold resistant. [potion of cure mutation]
 67791 | Shoals:4 | Lost mutation: You are covered in fur (AC +1). [potion of cure mutation]
 69425 | Vaults:2 | Reached skill level 21 in Shields
 72644 | Vaults:3 | Reached XP level 21. HP: 157/188 MP: 26/26
 72764 | Vaults:3 | Gained mutation: You have a pair of small horns on your head. [evolution]
 73200 | Vaults:3 | Found a staircase to the Crypt.
 74956 | Vaults:5 | Entered Level 5 of the Vaults
 75760 | Vaults:4 | Reached skill level 22 in Shields
 77781 | Vaults:5 | Gained mutation: You can spit weak poison. [evolution]
 77954 | Vaults:5 | Gained mutation: You are somewhat able to resist unholy torments (1 in 2 success). [demonic ancestry]
 77954 | Vaults:5 | Reached XP level 22. HP: 158/200 MP: 27/27
 78942 | Vaults:5 | HP: 7/201 [spatial distortion (4)]
 78949 | Vaults:5 | HP: 7/201 [vault warden/vampiric battleaxe (4)]
 78952 | Vaults:5 | HP: 2/201 [vault warden/vampiric battleaxe (14)]
 79165 | Vaults:5 | Slain by a frost giant

Action                   |  1- 3 |  4- 6 |  7- 9 | 10-12 | 13-15 | 16-18 | 19-21 | 22-24 || total
-------------------------+-------+-------+-------+-------+-------+-------+-------+-------++-------
Melee: Hand axe          |   143 |   321 |   131 |       |       |       |       |       ||   595
       War axe           |       |       |   431 |       |       |    25 |       |       ||   456
       Trident           |       |       |   144 |  1339 |  2294 |  3045 |  3427 |   220 || 10469
       Flail             |       |       |       |       |    28 |       |       |       ||    28
       Broad axe         |       |       |       |       |       |       |    13 |       ||    13
Throw: Javelin           |       |       |    11 |     5 |       |     4 |    11 |     3 ||    34
       Tomahawk          |       |       |       |       |       |     1 |       |       ||     1
Invok: Depart the Abyss  |     1 |       |       |       |       |       |       |       ||     1
       Banish            |       |       |     5 |     3 |     7 |     4 |     7 |     3 ||    29
       Bend Space        |       |       |     1 |     3 |     1 |     3 |       |     4 ||    12
Evoke: Wand              |       |       |       |     1 |     1 |     8 |       |     7 ||    17
  Use: Potion            |     1 |     6 |     3 |     9 |    10 |     3 |     6 |     9 ||    47
       Scroll            |       |       |     9 |    18 |    19 |    17 |    10 |     7 ||    80
 Stab: Sleeping          |     1 |       |     1 |       |       |       |       |       ||     2
       Distracted        |     1 |       |       |       |       |     1 |       |       ||     2
  Eat: Chunk             |     6 |     3 |     4 |    11 |    11 |    20 |    15 |     2 ||    72
       Bread ration      |       |     1 |     3 |     7 |     7 |     8 |     1 |       ||    27
       Fruit             |       |       |     3 |       |    18 |    15 |     6 |       ||    42
       Royal jelly       |       |       |     1 |       |     2 |     2 |       |       ||     5
       Pizza             |       |       |     2 |       |     2 |     2 |     1 |       ||     7
       Beef jerky        |       |       |       |       |     1 |     3 |       |       ||     4
       Meat ration       |       |       |       |       |       |     1 |     8 |       ||     9
